[Event "Early-Titled-Tuesday-Blitz-March-26-2024"]
[Site "Chess.com"]
[Date "2024.03.26"]
[Round "3"]
[White "NelsonLinda"]
[Black "Brahianzevich"]
[Result "1-0"]
[WhiteElo "2644"]
[BlackElo "2449"]
[TimeControl "180+1"]
[EndTime "8:27:57 PDT"]
[Termination "NelsonLinda won by resignation"]

1. b3 d5 2. Bb2 e6 3. e3 Nf6 4. Nf3 Be7 5. Be2 O-O 6. O-O c5 7.
c4 Nc6 8. d4 cxd4 9. Nxd4 Bd7 10. Nc3 Nxd4 11. Qxd4 dxc4 12. Bxc4 Bc6 13. Rfd1 Qxd4 14.
Rxd4 Rfd8 15. Ne2 Bc5 16. Rxd8+ Rxd8 17. Nd4 Bxd4 18. Bxd4 a6 19. Rc1 Nd5 20. Be2 Nf4 21. Bf1 Nd5 22. a3 Rc8 23. f3 f6 24. e4 Ne7 25.
Kf2 Kf7 26. a4 Bd7 27. Rxc8 Bxc8 28. Ke3 e5 29. Bc5 Be6 30. b4 Bd7 31. b5 axb5 32. axb5 Nc8 33. Kd2 Ke8 34. Kc3 Be6 35. Kb4 b6 36.
Be3 Kd7 37. g3 Kc7 38. Bd3 Nd6 39. f4 exf4 40. gxf4 Nb7 41. Bd4 Nd6 42. e5 Ne8 43.
Bxh7 Bd5 44. Bg6 fxe5 45. fxe5 Kd7 46. Bxb6 Nc7 47. Bxc7 Kxc7 48. Kc5 Be6 49. Be4 Bc8 50. b6+ Kb8 51. Kd6 1-0

[Event "Early-Titled-Tuesday-Blitz-March-26-2024"]
[Site "Chess.com"]
[Date "2024.03.26"]
[Round "3"]
[White "DmitriiZakurdaev"]
[Black "dodorox"]
[Result "1-0"]
[WhiteElo "2402"]
[BlackElo "2106"]
[TimeControl "180+1"]
[EndTime "8:27:57 PDT"]
[Termination "DmitriiZakurdaev won on time"]

1. d4 Nf6 2. c4 e6 3. Nc3 d5 4.
Nf3 Bb4 5. Qa4+ Nc6 6. e3 Bd7 7. Qc2 O-O 8. Bd3 dxc4 9. Bxc4 Qe7 10. O-O e5 11. dxe5 Nxe5 12. Nxe5 Qxe5 13. Bd2 Bc6 14. a3 Bd6 15. f4 Qc5 16. Bd3 Rad8 17. b4 Qh5 18. h3 Rfe8 19. e4 Bf8 20. Rae1 Re7 21. b5 Be8 22. e5 Red7 23. Rf3 Nd5 24. Ne4 Qh4 25. Nc5 Bxc5+ 26. Qxc5 Nxf4 27. Rxf4 1-0

[Event "Early-Titled-Tuesday-Blitz-March-26-2024"]
[Site "Chess.com"]
[Date "2024.03.26"]
[Round "3"]
[White "jefferyx"]
[Black "Veleamater"]
[Result "1-0"]
[WhiteElo "3099"]
[BlackElo "2412"]
[TimeControl "180+1"]
[EndTime "8:27:58 PDT"]
[Termination "jefferyx won by resignation"]

1. e4 d6 2. d4 g6 3. Nf3 Bg7 4. Be3 Nf6 5. Nc3 Nc6 6. Qd2 a6 7.
Bh6 O-O 8. h3 b5 9. Bd3 e5 10.
d5 Ne7 11. a4 b4 12. Na2 a5 13.
c3 bxc3 14. Nxc3 Bb7 15. O-O c6 16. dxc6 Bxc6 17. Rfd1 Rb8 18. Bxg7 Kxg7 19. Rac1 Qb6 20. Bb5 Bxe4 21. Qxd6 Qxd6 22. Rxd6 Bxf3 23. gxf3 Nf5 24.
Ra6 Nd4 25. Kg2 Rfc8 26. Re1 Rc5 27. Rxa5 Nh5 28. Ra7 Nf4+ 29. Kh1 Nxf3 30. Rd1 Nxh3 31. Kg2 Nhg5 32. Rdd7 h5 33. Rac7 Rxc7 34. Rxc7 h4 35. a5 h3+ 36. Kh1 Nd4 37. Rc5 Ngf3 38. a6 Ra8 39. Bc4 Ne6 40. Bxe6 fxe6 41. Rc7+ Kf6 42. a7 e4 43. b4 Ke5 44. b5 e3 45.
fxe3 Kf5 46. b6 Kg4 47. Rc4+ Kg3 48. b7 Rxa7 49. b8=Q+ e5 50. Qxa7 g5 51. Ne4+ 1-0

[Event "Early-Titled-Tuesday-Blitz-March-26-2024"]
[Site "Chess.com"]
[Date "2024.03.26"]
[Round "3"]
[White "CFalcons8"]
[Black "ritanovikova"]
[Result "1-0"]
[WhiteElo "2404"]
[BlackElo "2110"]
[TimeControl "180+1"]
[EndTime "8:27:58 PDT"]
[Termination "CFalcons8 won by resignation"]

1. d4 d5 2. c4 e6 3. Nf3 Nf6 4.
g3 a6 5. cxd5 exd5 6. Bg2 Be7 7.
O-O O-O 8. Nc3 c6 9. Bf4 Bd6 10.
Ne5 Nh5 11. e4 Nxf4 12. gxf4 dxe4 13. Nxe4 Be7 14. Ng3 Nd7 15. d5 cxd5 16. Bxd5 Nf6 17. Bb3 Qxd1 18. Rfxd1 Bg4 19. Rd3 Be6 20. f5 Bxb3 21.
Rxb3 Rab8 22. Rc1 Bd6 23. Nc4 Bf4 24. Rd1 h5 25. Ne2 Bc7 26. Ne3 b5 27. Rc3 Bb6 28.
Nf4 Ng4 29. Nxg4 hxg4 30. Rg3 Rfd8 31. Rxd8+ Bxd8 32. Rxg4 Bf6 33. Nd5 Bxb2 34. f6 Rd8 35. Rxg7+ Kf8 36. Rg5 Rd6 37. Rf5 a5 38. h4 b4 39. h5 Bc1 40. Kf1 a4 41. Nxb4 a3 42. Rc5 Rxf6 43. Rxc1 Rh6 44. Rc5 Ke7 45. Ra5 Ke6 46.
Ra6+ 1-0

[Event "Early-Titled-Tuesday-Blitz-March-26-2024"]
[Site "Chess.com"]
[Date "2024.03.26"]
[Round "3"]
[White "arenal72"]
[Black "Zohid6"]
[Result "1/2-1/2"]
[WhiteElo "2618"]
[BlackElo "2917"]
[TimeControl "180+1"]
[EndTime "8:27:59 PDT"]
[Termination "Game drawn by repetition"]

1. Nf3 Nf6 2. g3 d5 3. Bg2 e6 4.
O-O Be7 5. d3 c5 6. c4 Nc6 7. e3 O-O 8. a3 a6 9. Qc2 Bd7 10. b3 b5 11. Bb2 Rb8 12. Nbd2 Qb6 13. Rab1 Rfc8 14. Ne5 Be8 15. Ndf3 Nxe5 16. Nxe5 h6 17.
h4 a5 18. Rfc1 Qa6 19. Bc3 a4 20. bxa4 bxc4 21. dxc4 Bxa4 22. Qd3 Rxb1 23. Rxb1 Bf8 24. Bf1 Qa8 25. cxd5 exd5 26. Bg2 Re8 27. Qf5 Qa6 28.
Nxf7 d4 29. Qg6 dxc3 30. Nxh6+ Kh8 31. Nf7+ Kg8 32. Nh6+ Kh8 33. Nf7+ Kg8 34. Nh6+ 1/2-1/2

[Event "Early-Titled-Tuesday-Blitz-March-26-2024"]
[Site "Chess.com"]
[Date "2024.03.26"]
[Round "3"]
[White "chucksterf10"]
[Black "the_chess_child"]
[Result "1-0"]
[WhiteElo "2600"]
[BlackElo "2862"]
[TimeControl "180+1"]
[EndTime "8:28:00 PDT"]
[Termination "chucksterf10 won by resignation"]

1. Nf3 Nf6 2. b3 g6 3. Bb2 Bg7 4. g3 O-O 5. Bg2 c5 6. O-O d6 7. e3 e5 8. d4 cxd4 9. exd4 e4 10. Nfd2 d5 11. c4 Bg4 12. Qc1 Na6 13. a3 Rc8 14. Re1 Nc7 15. h3 Bf5 16. Nc3 Ne6 17. Nd1 dxc4 18. bxc4 Nxd4 19. Ne3 Be6 20. Rb1 b6 21. Nxe4 Nxe4 22. Bxe4 Bxh3 23. Nd5 Bg4 24. Kg2 Re8 25. Qf4 h5 26. Bxd4 Bxd4 27. Bxg6 fxg6 28. Qxd4 Rf8 29. f4 Rf7 30. Re5 Kh7 31. Rbe1 Qf8 32. Re7 Rd8 33. Rxf7+ Qxf7 34. Nf6+ Kg7 35. Qxd8 Qb7+ 36. Nd5 1-0

[Event "Early-Titled-Tuesday-Blitz-March-26-2024"]
[Site "Chess.com"]
[Date "2024.03.26"]
[Round "3"]
[White "ilushka"]
[Black "Kirill_Klukin"]
[Result "0-1"]
[WhiteElo "2510"]
[BlackElo "2847"]
[TimeControl "180+1"]
[EndTime "8:28:01 PDT"]
[Termination "Kirill_Klukin won by resignation"]

1. Nf3 c5 2. b3 Nf6 3. Bb2 e6 4. c4 b6 5. g3 Bb7 6. Bg2 Be7 7. O-O O-O 8. d4 d6 9. Nc3 Nbd7 10. Qd2 Ne4 11.
Nxe4 Bxe4 12. Rfd1 Qc7 13. d5 exd5 14. cxd5 Bf6 15. Ne1 Rfe8 16. Bxe4 Rxe4 17. f3 Ree8 18. e4 Rac8 19. Rac1 b5 20. Ng2 Qb6 21. Ne3 Bxb2 22. Qxb2 Ne5 23. Kg2 g6 24. f4 Nd7 25. Ng4 f6 26.
Nxf6+ Nxf6 27. Qxf6 Rxe4 28. Re1 Rce8 29. Rxe4 Rxe4 30.
f5 Qa5 31. Rf1 Qd2+ 32. Kh1 Qxd5 33. fxg6 Rf4+ 34. Kg1 Rxf6 0-1

[Event "Early-Titled-Tuesday-Blitz-March-26-2024"]
[Site "Chess.com"]
[Date "2024.03.26"]
[Round "3"]
[White "Tol_Tol"]
[Black "Kostya0705"]
[Result "0-1"]
[WhiteElo "2342"]
[BlackElo "2573"]
[TimeControl "180+1"]
[EndTime "8:28:01 PDT"]
[Termination "Kostya0705 won by resignation"]

1. d4 Nf6 2. c4 e6 3. Nc3 Bb4 4.
e3 O-O 5. Bd3 b6 6. Nf3 Bb7 7.
Kf1 d5 8. cxd5 exd5 9. Bd2 a6 10. Ne5 Bd6 11. f4 Nbd7 12. h3 c5 13. Be1 Ne4 14. Nxe4 dxe4 15. Bc4 cxd4 16. Qxd4 Bxe5 17. fxe5 Qe7 18.
Bg3 Rad8 19. Qc3 b5 20. Bb3 Nc5 21. Rc1 Nxb3 22. axb3 f6 23. exf6 Rxf6+ 24. Kg1 Rc6 25. Qe1 Rd3 26. Rxc6 Bxc6 27. Kh2 h5 28. Rf1 Rxb3 29.
Rf5 Rxb2 30. Rxh5 a5 31. Be5 Rc2 32. Rg5 Qxg5 33. Qf1 Qxe5+ 0-1

[Event "Early-Titled-Tuesday-Blitz-March-26-2024"]
[Site "Chess.com"]
[Date "2024.03.26"]
[Round "3"]
[White "1800_strength"]
[Black "AccioChess"]
[Result "0-1"]
[WhiteElo "2796"]
[BlackElo "2527"]
[TimeControl "180+1"]
[EndTime "8:28:02 PDT"]
[Termination "AccioChess won by resignation"]

1. g4 d5 2. Bg2 c5 3. g5 e5 4. d3 Nc6 5. h4 Nge7 6. Nc3 Be6 7. e4 d4 8. Nce2 Qd7 9. f4 exf4 10. Nxf4 Ng6 11.
Nxe6 fxe6 12. Bd2 Bd6 13. Qg4 O-O 14. O-O-O Rf2 15. e5 Ngxe5 16. Qe4 Raf8 17. Nh3 R2f5 18. Kb1 c4 19. dxc4 Nxc4 20. Bc1 Re5 21. Qd3 Ne3 22. Bxe3 Rxe3 23. Bxc6 Qxc6 24. Qxd4 Bc5 25. Qg4 Re4 26.
Qh5 g6 27. Qh6 Re8 28. Rhf1 Bf8 29. Rxf8+ Rxf8 30. h5 e5 31. Nf2 Rh4 32. hxg6 Rxh6 0-1

[Event "Early-Titled-Tuesday-Blitz-March-26-2024"]
[Site "Chess.com"]
[Date "2024.03.26"]
[Round "3"]
[White "DeTimmerman"]
[Black "ChessLover0108"]
[Result "0-1"]
[WhiteElo "2745"]
[BlackElo "2957"]
[TimeControl "180+1"]
[EndTime "8:28:03 PDT"]
[Termination "ChessLover0108 won by resignation"]

1. b4 a5 2. b5 b6 3. Bb2 Bb7 4. e3 Nf6 5. c4 g6 6. a4 Bg7 7. Nf3 O-O 8. Be2 d6 9. O-O Nbd7 10. d4 e5 11. Nc3 Re8 12. Rc1 Ne4 13.
Nxe4 Bxe4 14. Nd2 Bb7 15. Bf3 Bxf3 16. Nxf3 exd4 17. Bxd4 Qe7 18. Qc2 Bxd4 19. exd4 Qe2 20. Rfe1 Qxc2 21. Rxc2 Rxe1+ 22. Nxe1 Re8 23. Kf1 Re4 24. Rd2 Nf8 25. f3 Re3 26. Rd3 Rxd3 27. Nxd3 Ne6 28. d5 Nd4 29. Kf2 Kg7 30. Ke3 Nb3 31. Ke2 Kf6 32. Kd1 h5 33. Kc2 Nd4+ 34. Kd2 h4 35. Kc3 h3 36. gxh3 Nxf3 37. Nf2 Nxh2 38. Kd3 Nf3 39. Ke3 Ne5 40. Ne4+ Kf5 41. Kd4 g5 42. c5 dxc5+ 43. Nxc5 bxc5+ 44. Kxc5 Ke4 45. d6 cxd6+ 46. Kxd6 f5 47. Kc5 f4 48. b6 Nd7+ 49. Kc6 Nxb6 50. Kxb6 f3 0-1

[Event "Early-Titled-Tuesday-Blitz-March-26-2024"]
[Site "Chess.com"]
[Date "2024.03.26"]
[Round "3"]
[White "Aslanov_Umid"]
[Black "agvania123"]
[Result "1/2-1/2"]
[WhiteElo "2617"]
[BlackElo "2420"]
[TimeControl "180+1"]
[EndTime "8:28:03 PDT"]
[Termination "Game drawn - insufficient material"]

1. e4 d5 2. exd5 Qxd5 3. Nc3 Qd8 4. h3 Nf6 5. Nf3 a6 6. d4 Bf5 7.
Bc4 e6 8. O-O Be7 9. Nh4 Bg6 10.
Nxg6 hxg6 11. d5 exd5 12. Nxd5 Nxd5 13. Bxd5 c6 14. Bf3 Qxd1 15. Rxd1 O-O 16. Bf4 Bf6 17. c3 a5 18. g4 g5 19. Bd6 Re8 20. Bc7 a4 21. a3 Na6 22. Bb6 Bd8 23. Be3 Bf6 24. Rd7 Re7 25. Rad1 Rae8 26. Kg2 Rxd7 27. Rxd7 Re7 28.
Rd8+ Kh7 29. Ra8 Rd7 30. Bxc6 bxc6 31. Rxa6 Rb7 32. Rxa4 Rxb2 33. Rc4 Rb3 34. Bd4 Bxd4 35. cxd4 Rxa3 36. Rxc6 Rd3 37. Rd6 f6 38. f3 Kg6 39. Kf2 Rd2+ 40. Ke3 Rh2 41. d5 Rxh3 42. Rc6 Rh1 43. Rc4 Re1+ 44. Kd3 Rd1+ 45. Ke4 Kf7 46.
Rc7+ Kg6 47. Rc4 Kf7 48. Rd4 Rxd4+ 49. Kxd4 Ke7 50. Kc5 Kd7 51. d6 g6 52. Kd5 f5 53.
gxf5 gxf5 54. Ke5 g4 55. fxg4 fxg4 56. Kf4 g3 57. Kxg3 Kxd6 1/2-1/2

[Event "Early-Titled-Tuesday-Blitz-March-26-2024"]
[Site "Chess.com"]
[Date "2024.03.26"]
[Round "3"]
[White "moro182"]
[Black "Rashad_Zeynalli"]
[Result "1-0"]
[WhiteElo "2890"]
[BlackElo "2683"]
[TimeControl "180+1"]
[EndTime "8:28:04 PDT"]
[Termination "moro182 won on time"]

1. d4 d5 2. Bf4 Nf6 3. e3 c5 4. dxc5 e6 5. b4 a5 6. c3 Nfd7 7. Bb5 Nc6 8. Qb3 Qf6 9. Nf3 axb4 10. O-O Bxc5 11. cxb4 Qxa1 12. Nc3 Qxf1+ 13. Kxf1 Be7 14. Nd4 Nxd4 15. exd4 O-O 16. a4 Nf6 17. a5 Bd7 18. Bxd7 Nxd7 19. Na4 Rfc8 20. Nc5 Nxc5 21. dxc5 Bf6 22.
Bd6 d4 23. Qd3 e5 24. f3 Re8 25. Qb5 e4 26. Qxb7 e3 27. Ke2 d3+ 28. Kxd3 e2 29. Bg3 Rad8+ 30. Kc4 e1=Q 31. Bxe1 Rxe1 32. a6 Rc1+ 33. Kb5 Ra1 34. a7 Bc3 35. Kc4 1-0

[Event "Early-Titled-Tuesday-Blitz-March-26-2024"]
[Site "Chess.com"]
[Date "2024.03.26"]
[Round "3"]
[White "FlemingA"]
[Black "JaackCamel"]
[Result "1-0"]
[WhiteElo "2430"]
[BlackElo "2193"]
[TimeControl "180+1"]
[EndTime "8:28:04 PDT"]
[Termination "FlemingA won on time"]

1. g3 d5 2. Bg2 e5 3. c4 c6 4. b3 g6 5. Bb2 Bg7 6. d3 Ne7 7. Nd2 O-O 8. Qc2 Nd7 9. Ngf3 a6 10. O-O b5 11. Rac1 Bb7 12. cxd5 cxd5 13. Qc7 Rb8 14. Qxd8 Rfxd8 15. Rc7 e4 16. Nd4 Nf5 17.
Nxf5 gxf5 18. Bxg7 Kxg7 19. Bh3 Kf6 20. Rfc1 Ne5 21. d4 Ng4 22. e3 Rbc8 23. b4 h5 24. Nb3 Rxc7 25. Rxc7 Bc8 26. Rc6+ Kg7 27. Nc5 Kh7 28.
Bf1 Kg7 29. Be2 Kh7 30. h3 Nh6 31. Bxh5 f4 32. exf4 Bxh3 33. Rxa6 Nf5 34. Nb3 Rc8 35.
Bxf7 Rc2 36. Bg6+ Kg7 37. Bxf5 Bxf5 38. Rd6 1-0

[Event "Early-Titled-Tuesday-Blitz-March-26-2024"]
[Site "Chess.com"]
[Date "2024.03.26"]
[Round "3"]
[White "FairChess_on_YouTube"]
[Black "Sattarov_Bobur"]
[Result "0-1"]
[WhiteElo "3123"]
[BlackElo "2846"]
[TimeControl "180+1"]
[EndTime "8:28:05 PDT"]
[Termination "Sattarov_Bobur won by checkmate"]

1. d4 Nf6 2. c4 c5 3. d5 g6 4. Nc3 Bg7 5. e4 d6 6. Bd3 O-O 7. h3 e6 8. Nf3 Nbd7 9. O-O e5 10. a3 h6 11. b4 Nh7 12. Be3 b6 13. Bc2 f5 14.
Ba4 f4 15. Bd2 Nhf6 16. Re1 Rf7 17. Bc6 Rb8 18. Rb1 g5 19. bxc5 Nxc5 20. Qc2 Bf8 21. Na4 Nxa4 22. Qxa4 Rg7 23. Rb3 h5 24. Kf1 g4 25.
hxg4 hxg4 26. Ng1 Rh7 27. f3 Qc7 28. fxg4 Bxg4 29. Nf3 Qg7 30. Kf2 Qg6 31. c5 Bxf3 32.
Rxf3 bxc5 33. Rg1 Rb2 34. Ke1 Rh2 35. Rf2 Nxe4 36. Re2 Nxd2 37. Rxd2 Qg7 38. Rxb2 e4 39. Rb8 Qc3+ 40. Ke2 Qd3+ 41. Kf2 Qd2+ 42. Kf1 e3 43. Qxf4 e2+ 44. Kf2 e1=Q+ 45. Kf3 Qde2# 0-1

[Event "Early-Titled-Tuesday-Blitz-March-26-2024"]
[Site "Chess.com"]
[Date "2024.03.26"]
[Round "3"]
[White "Msb2"]
[Black "vasblesk"]
[Result "1-0"]
[WhiteElo "3038"]
[BlackElo "2786"]
[TimeControl "180+1"]
[EndTime "8:28:07 PDT"]
[Termination "Msb2 won by resignation"]

1. d4 Nf6 2. c4 c6 3. Nc3 d5 4. Nf3 e6 5. Qc2 Nbd7 6. cxd5 exd5 7. Bg5 Be7 8. e3 O-O 9. Bd3 Re8 10. h3 h6 11. Bf4 Nf8 12. O-O Ne6 13. Bg3 g6 14. Ne5 Ng7 15. f3 Bf5 16. Rad1 Bxd3 17. Qxd3 Nf5 18.
Bf2 Bd6 19. e4 Ng7 20. Ng4 Nxg4 21. hxg4 dxe4 22. fxe4 h5 23. Qf3 hxg4 24. Qxg4 Bb4 25. d5 Bxc3 26. bxc3 cxd5 27. exd5 Nf5 28. c4 Nd6 29.
Bd4 Re4 30. Rf4 Rxf4 31. Qxf4 Nf5 32. Bf2 Qd7 33. g4 Nh6 34. Rd4 Kg7 35. Re4 Re8 36.
Bd4+ Kh7 37. Qf6 Rg8 38. g5 Nf5 39. Kf2 Re8 40. Rh4+ 1-0

[Event "Early-Titled-Tuesday-Blitz-March-26-2024"]
[Site "Chess.com"]
[Date "2024.03.26"]
[Round "3"]
[White "zubridis"]
[Black "Anton_Demchenko"]
[Result "0-1"]
[WhiteElo "2535"]
[BlackElo "3008"]
[TimeControl "180+1"]
[EndTime "8:28:08 PDT"]
[Termination "Anton_Demchenko won on time"]

1. e4 e5 2. Bc4 Nf6 3. d3 Nc6 4. Nc3 Bb4 5. Ne2 d5 6. exd5 Nxd5 7. O-O Be6 8. Bxd5 Bxd5 9. f4 f6 10. Ng3 Be6 11. f5 Bf7 12. Qg4 Qd4+ 13. Qxd4 Nxd4 14.
Rf2 Bc5 15. Na4 Nxc2 16. Nxc5 Nxa1 17. b3 b6 18. Ne6 Ke7 19. Bb2 Nxb3 20. axb3 Bxe6 21.
fxe6 Kxe6 22. Nf5 g6 23. Ng7+ Ke7 24. d4 Kf7 25. dxe5 Kxg7 26. e6 Rhf8 27. e7 Rf7 28. g4 g5 29. h4 h6 30. hxg5 hxg5 0-1

[Event "Early-Titled-Tuesday-Blitz-March-26-2024"]
[Site "Chess.com"]
[Date "2024.03.26"]
[Round "3"]
[White "MITerryble"]
[Black "Staudenhocker43"]
[Result "0-1"]
[WhiteElo "2992"]
[BlackElo "2550"]
[TimeControl "180+1"]
[EndTime "8:28:08 PDT"]
[Termination "Staudenhocker43 won by resignation"]

1. e4 c5 2. Nf3 d6 3. Bb5+ Bd7 4. Bxd7+ Qxd7 5. O-O Nc6 6. c3 d5 7. e5 e6 8. d4 Rc8 9. a3 Nge7 10. dxc5 Ng6 11. b4 Ngxe5 12. Nxe5 Nxe5 13. Re1 Ng6 14. Bb2 b6 15.
cxb6 axb6 16. Qd4 b5 17. Nd2 f6 18. Rad1 Kf7 19. c4 bxc4 20. Nxc4 Qc6 21. Ne3 Bd6 22. Rc1 Qb7 23. Ng4 e5 24. Qd2 Ne7 25. Rcd1 d4 26. Bxd4 exd4 27. Qa2+ Kg6 28. Rxd4 Rhd8 29. Rde4 Qxe4 30.
Ne3 Nf5 31. Qa1 Be5 32. Qa2 Nxe3 33. fxe3 Rc2 0-1

[Event "Early-Titled-Tuesday-Blitz-March-26-2024"]
[Site "Chess.com"]
[Date "2024.03.26"]
[Round "3"]
[White "TimGrutter03"]
[Black "Massakru"]
[Result "1-0"]
[WhiteElo "2562"]
[BlackElo "2361"]
[TimeControl "180+1"]
[EndTime "8:28:08 PDT"]
[Termination "TimGrutter03 won by resignation"]

1. e4 e5 2. Nf3 Nc6 3. Bc4 Nf6 4. d3 h6 5. O-O d6 6. a4 g5 7. a5 a6 8. Nc3 g4 9. Ne1 Bg7 10. Nd5 Nxd5 11. Bxd5 Ne7 12. Bb3 Ng6 13. f3 gxf3 14.
Qxf3 O-O 15. Bxf7+ Kh8 16. Qh5 Nf4 17. Bxf4 exf4 18.
c3 Qf6 19. Bb3 Bd7 20. d4 Rae8 21. Nd3 Rxe4 22. Bd5 Re3 23. Nxf4 Bf5 24. g4 Bh7 25. Ng2 Qe7 26. Rxf8+ Bxf8 27. Rf1 Bg7 28. Nxe3 Qxe3+ 29. Kg2 Bd3 30. Rf3 Qe2+ 31. Rf2 Qe1 32. Qh3 c6 33.
Qxd3 cxd5 34. Qf3 Qc1 35. Qxd5 Qe3 36. Qxb7 Kh7 37. Qf3 Qc1 38. Qd3+ Kh8 39. Qxa6 Qe3 40. Qa8+ Kh7 41. Qf3 Qc1 42. a6 Qa1 43. Qe4+ Kh8 44. Qb7 d5 45. a7 Qb1 46. a8=Q+ Kh7 47. Qxd5 1-0

[Event "Early-Titled-Tuesday-Blitz-March-26-2024"]
[Site "Chess.com"]
[Date "2024.03.26"]
[Round "3"]
[White "vladislavkovalev"]
[Black "Practical-Play"]
[Result "1-0"]
[WhiteElo "2866"]
[BlackElo "2520"]
[TimeControl "180+1"]
[EndTime "8:28:09 PDT"]
[Termination "vladislavkovalev won on time"]

1. e4 e5 2. Nf3 Nc6 3. Bb5 a6 4. Ba4 g6 5. d4 exd4 6. Bg5 Be7 7. Bxe7 Qxe7 8. Bxc6 dxc6 9. Qxd4 Nf6 10. Nc3 O-O 11.
O-O-O Be6 12. h3 Nd7 13. Qe3 Nb6 14. Nd4 Nc4 15. Qd3 Qb4 16. Nb3 a5 17. a3 Nxa3 18.
Na2 Qa4 19. bxa3 Qxa3+ 20. Kb1 a4 21. Nbc1 Qe7 22. f4 Ra6 23. Ka1 Qf6+ 24. Qc3 Qxf4 25. Nd3 Qg3 26. Nc5 Qxc3+ 27. Nxc3 Ra5 28. Nxb7 Rg5 29.
g4 Kg7 30. Nd8 Bc4 31. Nxc6 Rc5 32. Nb4 a3 33. Rd4 Rb8 34. Nd3 Bxd3 35. Rxd3 Rc4 36. Rb1 Rxb1+ 37. Kxb1 Kf6 38. Ka2 Kg5 39. Kxa3 Kh4 40.
Kb3 Rc6 41. Rf3 f6 42. Nd5 1-0

[Event "Early-Titled-Tuesday-Blitz-March-26-2024"]
[Site "Chess.com"]
[Date "2024.03.26"]
[Round "3"]
[White "CrushingKings"]
[Black "CURRUTACO59"]
[Result "1-0"]
[WhiteElo "2568"]
[BlackElo "2291"]
[TimeControl "180+1"]
[EndTime "8:28:09 PDT"]
[Termination "CrushingKings won on time"]

1. Nf3 Nf6 2. g3 b6 3. Bg2 Bb7 4. O-O c5 5. c4 e6 6. Nc3 Be7 7. d4 cxd4 8. Qxd4 d6 9. Rd1 a6 10. Be3 Nbd7 11. Na4 b5 12. cxb5 axb5 13. Nc3 Qa5 14. b4 Qa6 15. a4 e5 16. Qd2 bxa4 17.
b5 Qa5 18. Rxa4 Qd8 19. Rxa8 Qxa8 20. b6 O-O 21. Nb5 d5 22. Nc7 Qa4 23. Nh4 e4 24. Nf5 Bb4 25. Qd4 Qa5 26. Ra1 Qc5 27. Qb2 Bc3 28. Qa3 d4 29. Qxc5 Nxc5 30. Rc1 Nb3 31. Rb1 dxe3 32. Rxb3 exf2+ 33. Kxf2 Be5 34. Rb5 1-0

[Event "Early-Titled-Tuesday-Blitz-March-26-2024"]
[Site "Chess.com"]
[Date "2024.03.26"]
[Round "3"]
[White "KanalSzachowy"]
[Black "Yuruultei"]
[Result "1-0"]
[WhiteElo "2441"]
[BlackElo "2211"]
[TimeControl "180+1"]
[EndTime "8:28:09 PDT"]
[Termination "KanalSzachowy won on time"]

1. e4 c5 2. Nc3 e6 3. Nf3 a6 4.
d4 cxd4 5. Nxd4 Nc6 6. Be3 Nf6 7. f4 d6 8. Qf3 Bd7 9. O-O-O Rc8 10. Kb1 Be7 11.
g4 O-O 12. g5 Ne8 13. h4 b5 14. Nxc6 Bxc6 15. Bd3 b4 16. Ne2 Qc7 17. Nd4 Bb7 18.
h5 a5 19. Rdg1 a4 20. f5 b3 21. axb3 axb3 22. c3 Qa5 23. Nxb3 Qa4 24. Bc2 exf5 25.
Qxf5 Ra8 26. e5 g6 27. hxg6 fxg6 28. Qe6+ Rf7 29. Rxh7 Kxh7 30. Qxf7+ Ng7 31. Qxg6+ Kg8 32. Qh7+ Kf8 33. Rf1+ Ke8 34. Qxg7 Be4 35. Bxe4 Qxb3 36. Bxa8 Qa4 37. Qg8+ Kd7 38. e6+ Kc7 39. Qf7 Qxa8 40. Qxe7+ Kc6 41. Qd7+ Kd5 42. Rd1+ Ke5 43. Qxd6+ Ke4 44. Bc5 Kf3 45. e7 Kg2 46. Qd5+ Qxd5 47. Rxd5 Kh1 48. e8=Q 1-0

[Event "Early-Titled-Tuesday-Blitz-March-26-2024"]
[Site "Chess.com"]
[Date "2024.03.26"]
[Round "3"]
[White "Mops_2004"]
[Black "HansOnTwitch"]
[Result "1/2-1/2"]
[WhiteElo "2821"]
[BlackElo "3114"]
[TimeControl "180+1"]
[EndTime "8:28:10 PDT"]
[Termination "Game drawn by repetition"]

1. Nf3 d5 2. g3 Nc6 3. d4 Bf5 4. Bg2 e6 5. O-O Nb4 6. Na3 Be7 7. Ne5 Nf6 8. c3 Nc6 9. Qa4 O-O 10. Nxc6 bxc6 11.
Qxc6 h5 12. c4 h4 13. cxd5 exd5 14. Bf4 h3 15. Bf3 Qb8 16. Qxc7 Qb4 17. Nc2 Qxb2 18. Ne3 Bd8 19. Qc1 Qxc1 20. Rfxc1 Be6 21. Bg5 Ne4 22. Bxd8 Rfxd8 23. Bxe4 dxe4 24. Rd1 Rab8 25. d5 Bd7 26. Rab1 Kf8 27. f3 exf3 28. exf3 Ke7 29. Kf2 f5 30. Re1 Kf6 31. Rec1 Rdc8 32. Rxb8 Rxb8 33. d6 Rb2+ 34.
Rc2 Rxc2+ 35. Nxc2 Ke5 36. Ke3 Kxd6 37. Kd4 g5 38. f4 gxf4 39. gxf4 Bc6 40. Ne3 Be4 41. a3 Ke6 42. Kc5 Bd3 43. a4 Be2 44. a5 a6 45.
Kc6 Bb5+ 46. Kc5 Be2 47. Kc6 Bb5+ 48. Kc5 Be2 1/2-1/2

[Event "Early-Titled-Tuesday-Blitz-March-26-2024"]
[Site "Chess.com"]
[Date "2024.03.26"]
[Round "3"]
[White "flawian2008"]
[Black "jraosam"]
[Result "1-0"]
[WhiteElo "2372"]
[BlackElo "2002"]
[TimeControl "180+1"]
[EndTime "8:28:11 PDT"]
[Termination "flawian2008 won by checkmate"]

1. e4 e6 2. d4 d5 3. e5 c5 4. c3 Qb6 5. Nf3 Bd7 6. Be2 Bb5 7. dxc5 Bxc5 8. b4 Be7 9. Na3 Bxe2 10. Qxe2 Nd7 11.
Be3 Qc6 12. O-O a6 13. Rac1 b5 14. Nd4 Qb7 15. f4 g6 16. g4 h5 17. f5 exf5 18. gxf5 Nxe5 19. Bf4 Nc6 20. fxg6 O-O-O 21. gxf7 Qd7 22.
fxg8=Q Rhxg8+ 23. Kh1 Rdf8 24. Qe6 Qxe6 25. Nxe6 Rf6 26.
Nd4 Rgf8 27. Nxc6 Rxc6 28. Be5 Re8 29. Nc2 Bg5 30. Rce1 Rce6 31. Bg3 Bd2 32. Rxe6 Rxe6 33. Nd4 Re4 34. Nb3 Bxc3 35. Rc1 Rc4 36. Na5 Bxb4 37. Nxc4 bxc4 38. Kg2 Kd7 39. Kf3 Kc6 40. Be5 Be7 41. Rg1 Kc5 42. Ke3 Kb5 43. Rg7 Bc5+ 44. Bd4 Bd6 45. Rg5 Bxh2 46. Rxd5+ Kb4 47. Rxh5 Bc7 48. Rh7 Bd6 49. Rh6 Bc7 50. Rxa6 Bd8 51. a4 Kb3 52. Ra8 Bg5+ 53. Ke4 c3 54. Kd3 c2 55. Rb8+ Kxa4 56. Kxc2 Bf4 57. Rb1 Ka5 58. Kc3 Bd6 59. Kc4 Ka6 60.
Bc5 Bc7 61. Kd5 Bd8 62. Kc6 Ba5 63. Bb6 Bb4 64. Ra1+ Ba3 65. Rxa3# 1-0

[Event "Early-Titled-Tuesday-Blitz-March-26-2024"]
[Site "Chess.com"]
[Date "2024.03.26"]
[Round "3"]
[White "Kazmin_Semyon"]
[Black "RianKapriaga"]
[Result "1-0"]
[WhiteElo "2569"]
[BlackElo "2329"]
[TimeControl "180+1"]
[EndTime "8:28:12 PDT"]
[Termination "Kazmin_Semyon won on time"]

1. e4 c6 2. d4 d5 3. e5 Bf5 4. Nf3 e6 5. Be2 h6 6. O-O Nd7 7. a4 Ne7 8. a5 a6 9. b4 Bh7 10. Nbd2 Ng6 11. c3 Be7 12. Nb3 O-O 13. Re1 f6 14. exf6 Bxf6 15. Bd3 Re8 16. Qc2 Ngf8 17. Bf4 Qe7 18. Re2 Qf7 19. Bg3 Bxd3 20. Qxd3 Qg6 21.
Qd2 Qh5 22. Rae1 Re7 23. Bd6 Rf7 24. Qd3 Re8 25. Nbd2 Ng6 26. Rxe6 Rxe6 27. Rxe6 Qg4 28. Re8+ Ndf8 29. Bg3 Qh5 30. h3 Ne7 31. Bd6 Ng6 32.
g4 Qxh3 33. Qxg6 Bh4 34. Bxf8 Rxf8 35. Qe6+ Kh7 36. Rxf8 Qxg4+ 37. Qxg4 1-0

[Event "Early-Titled-Tuesday-Blitz-March-26-2024"]
[Site "Chess.com"]
[Date "2024.03.26"]
[Round "3"]
[White "RebelJohnny"]
[Black "Felix-Rose"]
[Result "1-0"]
[WhiteElo "2559"]
[BlackElo "2209"]
[TimeControl "180+1"]
[EndTime "8:28:12 PDT"]
[Termination "RebelJohnny won by checkmate"]

1. e4 c5 2. Nf3 g6 3. d4 cxd4 4. Nxd4 Nc6 5. Nc3 Bg7 6. Be3 Nf6 7. Bc4 O-O 8. Bb3 a5 9. O-O d6 10. Ndb5 Bd7 11. a4 Nb4 12. f4 Ng4 13. Bd4 e5 14. fxe5 Bxe5 15. Bxe5 dxe5 16. Qd6 Ra6 17. Qc5 Rc6 18.
Qa7 Ra6 19. Qxb7 Bxb5 20. Nxb5 Rb6 21. Qa7 Rf6 22. Qc7 Rxf1+ 23. Rxf1 Qh4 24. Bxf7+ Kh8 25. h3 Qg3 26. hxg4 Qe3+ 27. Kh1 Qh6+ 28. Kg1 Qd2 29. Qxe5# 1-0